 Dungeon Crawl Stone Soup version 0.31-a0-879-g1609e0ac53 (webtiles) character file.

Game seed: 16956135285061526144

2437690 tabstorm the Merfolkian Porcupine (level 27, 224/224 HPs)
             Began as a Merfolk Gladiator on Oct 11, 2023.
             Was the Champion of Cheibriados.
             Escaped with the Orb
             ... and 4 runes on Oct 15, 2023!
             The game lasted 03:28:49 (64476 turns).

tabstorm the Merfolkian Porcupine (MfGl)           Turns: 64476, Time: 03:28:49

Health: 224/224    AC: 50    Str: 43    XL:     27
Magic:  36/36      EV: 32    Int: 25    God:    Cheibriados [******]
Gold:   4128       SH:  0    Dex: 32    Spells: 31/44 levels left

rFire   + + .        k - +5 bardiche (freeze)
rCold   + . .        (shield currently unavailable)
rNeg    + + +        x - +5 gold dragon scales
rPois   +            l - +3 crown of Dyrovepreva {rElec Int+2 SInv}
rElec   +            S - +2 cloak {rCorr}
rCorr   +            G - +2 pair of gloves
SInv    +            q - +2 pair of boots {Fly}
Will    +++..        j - macabre finger necklace {Finger+ rN+} Stlth
                     h - ring of protection from fire
HPRegen 0.57/turn    C - ring of willpower
MPRegen 0.25/turn    y - ring "Biyf" {Contam rN++ rCorr AC+4 SInv}

%: random rage (3%)
@: flying, studying 2 skills, very slow
A: (nimble swimmer 2), mertail, iridescent scales 2, berserk 1, frail 1, strong
1, noise suppression
0: Orb of Zot
}: 4/15 runes: barnacled, slimy, silver, gossamer
a: Renounce Religion, Bend Time, Temporal Distortion, Slouch, Step From Time


You escaped.
You worshipped Cheibriados.
Cheibriados was exalted by your worship.
You visited 10 branches of the dungeon, and saw 52 of its levels.
You also visited: Ossuary, Bailey and Gauntlet.

You collected 8113 gold pieces.
You spent 3985 gold pieces at shops.

Inventory:

Hand Weapons
 k - a +5 bardiche of freezing (weapon)
 Z - the +5 glaive of the Guard {elec, spectral}
   (You took it off an orc on level 3 of the Elven Halls)
Missiles
 F - 17 curare-tipped darts
 O - 2 throwing nets
Armour
 a - the +9 plate armour of Xysehel {rPois}
   (You took it off a deep elf blademaster on level 3 of the Elven Halls)

   rPois:     It protects you from poison
 l - the +3 crown of Dyrovepreva (worn) {rElec Int+2 SInv}
   (You bought it in a shop on level 2 of the Elven Halls)

   Int+2:     It affects your intelligence (+2).
   rElec:     It insulates you from electricity.
   SInv:      It lets you see invisible.
 q - a +2 pair of boots of flying (worn)
 x - +5 gold dragon scales (worn)
 G - a +2 pair of gloves (worn)
 P - the +2 helmet "Dihur" {+Blink Will+ Slay+2}
   (You found it in a bailey)

   Slay+2:    It affects your accuracy & damage with ranged weapons and melee
   (+2).
   Will+:     It increases your willpower.
   +Blink:    It lets you blink.
 S - a +2 cloak of preservation (worn)
Jewellery
 h - a ring of protection from fire (left hand)
 i - the amulet "Vacriann" {Reflect Dex+3 SH+5}
   (You bought it in a shop on level 2 of the Orcish Mines)

   [amulet of reflection]

   Reflect:   It reflects blocked missile attacks.
   Dex+3:     It affects your dexterity (+3).
   SH+5:      It affects your SH (+5).
 j - the macabre finger necklace (around neck) {Finger+ rN+}
   (You took it off a deep elf zephyrmancer on level 3 of the Elven Halls)

   [amulet of nothing]

   Finger+:   It enables you to equip an extra ring.
   rN+:       It protects you from negative energy.
 r - the ring "Nuics" {rC+ rCorr MP+9}
   (You acquired it on level 3 of the Depths)

   [ring of magical power]

   rC+:       It protects you from cold.
   MP+9:      It affects your magic capacity (+9).
   rCorr:     It protects you from acid and corrosion.
 s - the ring "Sesyeb" {Drain rPois Str+7 Int+4}
   (You found it on level 4 of the Spider Nest)

   [ring of poison resistance]

   Str+7:     It affects your strength (+7).
   Int+4:     It affects your intelligence (+4).
   rPois:     It protects you from poison Drain: It drains your maximum health
   when unequipped.
 y - the ring "Biyf" (on amulet) {Contam rN++ rCorr AC+4 SInv}
   (You took it off a green draconian on level 3 of the Realm of Zot)

   [ring of protection]

   AC+4:      It affects your AC (+4).
   rN++:      It greatly protects you from negative energy.
   SInv:      It lets you see invisible.
   Contam:    It causes magical contamination when unequipped.
   rCorr:     It protects you from acid and corrosion.
 C - a ring of willpower (right hand)
 N - a +5 ring of evasion
Talismans
 D - a granite talisman
Wands
 c - a wand of roots (56)
 o - a wand of flame (104)
 B - a wand of quicksilver (44)
 I - a wand of paralysis (50)
 U - a wand of digging (15)
Scrolls
 b - 3 scrolls of silence
 m - 6 scrolls of immolation
 n - a scroll of blinking
 p - 3 scrolls of revelation
 w - 7 scrolls of amnesia
 E - a scroll of torment
 L - 32 scrolls of teleportation
 M - a scroll of fog
 T - 36 scrolls of identify
 V - 12 scrolls of fear
 X - 3 scrolls of butterflies
Potions
 d - 3 potions of berserk rage
 f - 8 potions of brilliance
 g - 19 potions of curing
 t - 9 potions of ambrosia
 u - a potion of might
 v - 8 potions of heal wounds
 z - 3 potions of cancellation
 H - 14 potions of enlightenment
 J - a potion of resistance
 K - 8 potions of mutation
 Q - a potion of invisibility
 R - 9 potions of magic
Miscellaneous
 e - a phial of floods


   Skills:
 O Level 27 Fighting
 O Level 27 Polearms
 - Level 2.0 Throwing
 * Level 19.7 Armour
 - Level 24.2 Dodging
 - Level 1.7 Stealth
 - Level 9.2 Spellcasting
 - Level 7.6 Translocations
 - Level 14.7 Invocations
 - Level 10.5 Evocations
 - Level 11.1 Shapeshifting


You had 31 spell levels left.
You knew the following spells:

 Your Spells              Type           Power      Damage    Failure   Level
a - Lesser Beckoning      Tloc           100%       N/A       1%          2
b - Animate Armour        Summ/Erth      22%        N/A       96%         4
c - Passage of Golubria   Tloc           50%        N/A       12%         4
d - Blink                 Tloc           100%       N/A       1%          2
e - Apportation           Tloc           100%       N/A       1%          1

Your spell library contained the following spells:

 Spells                   Type           Power      Damage    Failure   Level
 Gell's Gravitas          Tloc           50%        N/A       3%          3
 Teleport Other           Tloc           50%        N/A       3%          3
 Momentum Strike          Conj/Tloc      60%        3d9       9%          2
 Volatile Blastmotes      Fire/Tloc      60%        2d15      19%         3
 Foxfire                  Conj/Fire      44%        2x1d6     28%         1
 Freeze                   Ice            44%        1d6       28%         1
 Kiss of Death            Conj/Necr      44%        2d8       28%         1
 Magic Dart               Conj           44%        1d5       28%         1
 Necrotise                Necr           44%        1d6       28%         1
 Shock                    Conj/Air       44%        1d5       28%         1
 Sting                    Tmut/Pois      44%        1d5       28%         1
 Summon Small Mammal      Summ           44%        N/A       28%         1
 Call Imp                 Summ           22%        N/A       41%         2
 Ensorcelled Hibernation  Hex/Ice        22%        N/A       41%         2
 Jinxbite                 Hex            22%        N/A       41%         2
 Poisonous Vapours        Pois/Air       22%        N/A       41%         2
 Searing Ray              Conj           22%        2d5       41%         2
 Static Discharge         Conj/Air       22%        2-3/arc   41%         2
 Sublimation of Blood     Necr           11%        N/A       41%         2
 Wereblood                Tmut           11%        N/A       41%         2
 Dimensional Bullseye     Hex/Tloc       15%        N/A       52%         4
 Iskenderun's Mystic Bla  Conj/Tloc      30%        2d8       52%         4
 Vhi's Electric Charge    Tloc/Air       60%        N/A       52%         4
 Call Canine Familiar     Summ           11%        N/A       65%         3
 Confusing Touch          Hex            11%        N/A       65%         3
 Dazzling Flash           Conj/Hex       22%        N/A       65%         3
 Frozen Ramparts          Ice            22%        1d4       65%         3
 Hailstorm                Conj/Ice       11%        3d5       65%         3
 Ignite Poison            Fire/Tmut/Pois 11%        N/A       65%         3
 Inner Flame              Hex/Fire       11%        N/A       65%         3
 Ozocubu's Armour         Ice            11%        N/A       65%         3
 Stone Arrow              Conj/Erth      22%        3d8       65%         3
 Summon Guardian Golem    Hex/Summ       11%        N/A       65%         3
 Swiftness                Air            11%        N/A       65%         3
 Tukima's Dance           Hex            11%        N/A       65%         3
 Dispersal                Tloc           25%        N/A       88%         6
 Airstrike                Air            5%         2d(1-17)  96%         4
 Anguish                  Hex/Necr       5%         N/A       96%         4
 Animate Dead             Necr           11%        N/A       96%         4
 Brom's Barrelling Bould  Conj/Erth      11%        2d3       96%         4
 Cause Fear               Hex            5%         N/A       96%         4
 Dispel Undead            Necr           11%        3d9       96%         4
 Flame Wave               Conj/Fire      11%        2d6       96%         4
 Fulminant Prism          Conj/Hex       5%         3d7       96%         4
 Leda's Liquefaction      Hex/Erth       5%         N/A       96%         4
 Olgreb's Toxic Radiance  Pois           11%        N/A       96%         4
 Petrify                  Tmut/Erth      11%        N/A       96%         4
 Sticky Flame             Conj/Fire      11%        2d3       96%         4
 Summon Ice Beast         Ice/Summ       11%        N/A       96%         4
 Summon Lightning Spire   Summ/Air       11%        N/A       96%         4
 Agony                    Necr           11%        N/A       100%        5
 Alistair's Intoxication  Tmut/Pois      7%         N/A       100%        5
 Arcjolt                  Conj/Air       5%         1d15      100%        5
 Borgnjor's Vile Clutch   Necr/Erth      5%         N/A       100%        5
 Fireball                 Conj/Fire      5%         3d5       100%        5
 Iskenderun's Battlesphe  Conj           11%        2d7       100%        5
 Lee's Rapid Deconstruct  Erth           5%         3d6*      100%        5
 Metabolic Englaciation   Hex/Ice        5%         N/A       100%        5
 Silence                  Hex/Air        5%         N/A       100%        5
 Yara's Violent Unravell  Hex/Tmut       5%         3d4       100%        5
 Bombard                  Conj/Erth      5%         9d2       100%        6
 Conjure Ball Lightning   Conj/Air       5%         3x3d6     100%        6
 Death Channel            Necr           5%         N/A       100%        6
 Eringya's Noxious Bog    Tmut/Pois      5%         4d6       100%        6
 Simulacrum               Ice/Necr       5%         N/A       100%        6
 Enfeeble                 Hex            5%         N/A       100%        7
 Haunt                    Necr/Summ      5%         N/A       100%        7
 Malign Gateway           Summ/Tloc      15%        N/A       100%        7
 Monstrous Menagerie      Summ           5%         N/A       100%        7
 Orb of Destruction       Conj           5%         9d5       100%        7
 Ozocubu's Refrigeration  Ice            5%         4d8       100%        7
 Spellforged Servitor     Conj/Summ      5%         N/A       100%        7
 Summon Hydra             Summ           5%         N/A       100%        7
 Borgnjor's Revivificati  Necr           5%         N/A       100%        8
 Discord                  Hex            5%         N/A       100%        8
 Ignition                 Fire           5%         3d4       100%        8
 Lehudib's Crystal Spear  Conj/Erth      5%         10d3      100%        8
 Maxwell's Capacitive Co  Air            5%         ∞         100%        8
 Chain Lightning          Conj/Air       5%         3d7       100%        9
 Death's Door             Necr           5%         N/A       100%        9
 Dragon's Call            Summ           5%         N/A       100%        9
 Fire Storm               Conj/Fire      5%         8d2       100%        9
 Polar Vortex             Ice            5%         N/A       100%        9
 Shatter                  Erth           5%         3d8*      100%        9


Dungeon Overview and Level Annotations

Branches:
Dungeon (15/15)            Temple (0/1) D:7            Lair (5/5) D:10
 Shoals (4/4) Lair:2       Spider (4/4) Lair:2        Slime (5/5) Lair:4
    Orc (2/2) D:9             Elf (3/3) Orc:2        Vaults (5/5) D:14
  Crypt (0/3) Vaults:2     Depths (4/4) D:15            Zot (5/5) Depths:4
Ossuary (visited)          Bailey (visited)         Gauntlet (visited)

Altars:
Cheibriados
Dithmenos
Fedhas
Gozag
Makhleb
Qazlal
Ru
Sif Muna
Trog
Vehumet
Wu Jian
Xom
Yredelemnul
Zin
The Shining One
Jiyva

Shops:
D:5 ?*(   D:10 *?   Orc:2 *!*?==   Elf:1 :   Elf:2 **(   Vaults:2 =
Vaults:5 [   Depths:3 =

Portals:
Hell: Depths:1 Depths:2 Depths:3 Depths:4
Abyss: Depths:1 Depths:3 Depths:4
Pandemonium: Depths:2
Ziggurat: Depths:1
Trove: Vaults:3 (give 6 scrolls of fog)

Annotations:
D:3 exclusion: door
Lair:5 exclusion: oklob plant
Spider:3 2 transporters, exclusion: orange crystal statue
Orc:1 2 transporters, deremet's ghost, journeyman GnDe
Elf:2 3 runed translucent doors
Depths:2 exclusion: ice statue
Zot:4 2 transporters, Joey1's ghost, legendary MiBe


Innate Abilities, Weirdness & Mutations

((You are very nimble when in or above water. (Stealth+, EV+, Speed+++)))
Your lower body shifts to a powerful aquatic tail in water.
You are mostly covered in iridescent scales. (AC +4)
You sometimes lose your temper in combat.
You are frail. (-10% HP)
Your muscles are strong. (Str +4, Int/Dex -1)
You passively dampen the noise of your surroundings.


Message History

The rust devil is severely wounded.
You carve the rust devil like a ham!!! You freeze the rust devil.
You kill the rust devil!
Cheibriados appreciates the change of pace.
Okay, then.
What level of the Depths? (default 1, ? - help)
Okay, then.
Unknown command.
Aiming: Dig
Press: ? - help, Shift-Dir - straight line, f - you Please select a direction to dig.
A stone staircase leading up.
This square is covered in magical glow.
The rock shatters into small pieces.
There is a stone staircase leading up here.
You fly upwards.
There is a stone staircase leading down here.
Unknown command.
There is a stone staircase leading up here.
You fly upwards.
There is a stone staircase leading down here.
Unknown command.
Aiming: Dig
Press: ? - help, Shift-Dir - straight line, f - you Please select a direction to dig.
A stone staircase leading down.
This square is covered in magical glow.
The rock shatters into small pieces.
A tentacled monstrosity comes into view.
Unknown command.
The tentacled monstrosity moves out of view.
You reach down and open the door.
There is an open door here.
Aiming: Dig
Press: ? - help, Shift-Dir - straight line, f - you Please select a direction to dig.
This square is covered in magical glow.
The rock shatters into small pieces.
There is an open door, spattered with blood here.
There is a staircase leading out of the dungeon here.
Unknown command.
You have escaped!

#..........................
#..........................
#............####..........
#...........(###..####+#...
####.............## #.....
#.............######....
#....##'##..............
#...##...##.............
#...#..@..#.............
#...##...##.............
#....##+##..............
#......................#
#......................#
#.......................
#########.####.........#
#.# #.........' #.#
#.........#


There were no monsters in sight!

Vanquished Creatures
  the Royal Jelly (Slime:5)
  4 dread liches
  4 orbs of fire (Zot:5)
  An ancient lich (Vaults:5)
  The ghost of Giurur the Slayer, a veteran OgBe of Trog (Zot:3)
  Josephina (Zot:3)
  Sojobo (Vaults:3)
  Frederick (Depths:3)
  Boris (twice) (Vaults:2 Vaults:4)
  Saint Roka (Vaults:4)
  Bai Suzhen (Shoals:3)
  2 Killer Klowns
  2 curse toes (Zot:2)
  A caustic shrike (Depths:3)
  Nikola (Elf:3)
  16 golden dragons
  A bone dragon (Depths:4)
  A Tzitzimitl (Depths:2)
  Arachne (Spider:1)
  4 electric golems
  16 tentacled monstrosities
  Rupert (D:14)
  Asterion (Spider:2)
  Jorgrun (Spider:1)
  Mlioglotl (Spider:3)
  23 Orb Guardians
  A walking crystal tome (Depths:3)
  An Ice Fiend (Depths:1)
  3 titans
  7 liches
  A deep elf master archer (Elf:3)
  11 acid blobs
  A walking earthen tome (Depths:3)
  6 quicksilver dragons
  11 death cobs
  2 deep elf blademasters (Elf:3)
  12 sphinxes
  Agnes (Elf:1)
  The ghost of kd29 the Metamorph, an adept TrSh of Gozag (Spider:1)
  15 shadow dragons
  5 tengu reavers
  Kirke (D:14)
  15 storm dragons
  5 draconian monks
  Roxanne (Shoals:3)
  8 rockslimes
  The ghost of Joey1 the Severer, a journeyman MiBe of Trog (Shoals:1)
  7 draconian knights
  Ilsuiw (Shoals:3)
  8 fire giants
  A daeva (Depths:1)
  3 azure jellies
  Louise (Shoals:4)
  A deep elf elementalist (Elf:3)
  17 vault wardens
  4 draconian scorchers
  3 iron dragons
  11 deep elf sorcerers
  6 ghost moths
  18 frost giants
  2 emperor scorpions (Spider:4)
  5 broodmothers
  6 draconian shifters
  An angel (Depths:1)
  A war gargoyle (Vaults:3)
  23 ironbound preservers
  The ghost of DocEon the Archmage, an adept DECj of Vehumet (Spider:1)
  An orc warlord (Vaults:4)
  16 very ugly things
  4 quicksilver oozes
  5 draconian annihilators
  22 stone giants
  A formless jellyfish (Vaults:1)
  The ghost of Hulashix the Severer, a journeyman MiBe of Trog (Elf:2)
  A vampire knight (Depths:1)
  11 black draconians
  5 deep elf demonologists
  An ironbound thunderhulk (Vaults:2)
  8 green draconians
  9 red draconians
  9 dire elephants
  8 white draconians
  16 deep elf annihilators
  9 purple draconians
  A minotaur (Gauntlet)
  Azrael (Spider:3)
  10 yellow draconians
  4 spark wasps
  Snorg (Lair:4)
  A blizzard demon (Depths:2)
  7 merfolk javelineers
  4 deep elf death magi
  10 ettins
  14 fire dragons
  A green death (Depths:2)
  13 yaktaur captains
  16 great orbs of eyes
  6 entropy weavers
  9 merfolk impalers
  7 crystal guardians
  2 jiangshi (Depths:1)
  12 deep elf high priests
  A spriggan zombie (Depths:1)
  12 hydras
  29 vault guards
  An ice dragon (shapeshifter) (Vaults:5)
  3 rakshasas
  A peacekeeper (Vaults:3)
  2 jorogumos
  7 ice dragons
  A catoblepas (Lair:5)
  3 radroaches
  8 ironbound frosthearts
  5 spriggan air magi
  An anaconda (shapeshifter) (Vaults:4)
  18 centaur warriors
  3 ogre magi
  17 two-headed ogres
  12 boulder beetles
  4 merfolk aquamancers
  16 dancing weapons
  4 deep troll shamans
  A death scarab (Spider:2)
  2 merfolk avatars (Shoals:4)
  3 satyrs
  5 tengu warriors
  4 hell hogs (D:13)
  3 spriggan berserkers
  5 death yaks (Lair:4)
  2 vampire magi (Depths:1)
  Urug (D:14)
  2 orc high priests
  6 deep troll earth magi
  25 demonic crawlers
  20 deep elf knights
  6 hell knights (Depths:4)
  Sonja (D:13)
  2 skysharks
  8 iron trolls (Depths:4)
  Amaemon (D:10)
  71 deep trolls
  11 sea snakes
  9 skeletal warriors
  7 pharaoh ants
  2 flayed ghosts
  2 glowing orange brains
  4 large abominations
  7 orb spiders
  A quicksilver dragon simulacrum (Zot:3)
  17 ironbound convokers
  An orange crystal statue (Depths:3)
  9 lindwurms
  7 orc knights
  21 deep elf zephyrmancers
  An obsidian statue (Shoals:1)
  10 steelbarb worms
  9 deep elf archers
  13 harpies
  5 phantasmal warriors (Vaults:5)
  5 necromancers
  29 ugly things
  15 orc sorcerers
  14 wizards
  A sphinx simulacrum (Depths:1)
  A tengu skeleton (Depths:1)
  27 deep elf pyromancers
  19 fauns
  25 wolf spiders
  A mana viper (shapeshifter) (Vaults:5)
  25 manticores
  A shining eye (Slime:2)
  3 frost giant zombies
  22 cyclopes
  2 black mambas (Lair:5)
  4 merfolk sirens
  A rust devil (D:3)
  28 moths of wrath
  Maurice (Orc:1)
  An ice statue (Depths:2)
  17 vault sentinels
  A black mamba (shapeshifter) (Elf:2)
  An orange demon (D:10)
  11 water nymphs
  3 gargoyles
  15 torpor snails
  3 eyes of devastation
  Maggie (D:7)
  5 elf skeletons (Vaults:2)
  20 cane toads
  3 unseen horrors
  5 rime drakes
  2 efreet
  12 komodo dragons
  4 kobold demonologists
  A spark wasp simulacrum (Depths:1)
  8 tengu conjurers
  A tormentor (D:11)
  2 yaktaur skeletons (Vaults:2)
  A yaktaur (shapeshifter) (Depths:3)
  31 yaktaurs
  2 golden dragon simulacra (Zot:3)
  6 freezing wraiths
  13 merfolk
  6 meliai (Spider:3)
  9 trolls
  8 hornets
  17 wind drakes
  7 blink frogs
  3 tyrant leeches (Lair:5)
  2 polar bears
  4 dream sheep
  37 tarantellas
  12 snapping turtles
  A stone giant simulacrum (Vaults:2)
  A raiju (shapeshifter) (D:15)
  47 slime creatures
  31 culicivoras
  A snapping turtle (shapeshifter) (Vaults:3)
  2 frost giant simulacra (Depths:1)
  3 air elementals (Elf:1)
  A fire giant simulacrum (Depths:1)
  48 jumping spiders
  A centaur simulacrum (D:14)
  3 shadows
  8 wyverns
  52 yaks
  3 wraiths
  12 water elementals
  3 fire elementals
  16 humans (D:14)
  3 hogs (D:14)
  A golden eye (shapeshifter) (D:13)
  5 basilisks
  A white draconian simulacrum (Zot:3)
  A golden eye (Slime:5)
  A steam dragon (D:10)
  7 vampire mosquitoes (D:14)
  2 chaos spawn (Depths:1)
  14 wargs
  58 redbacks
  19 water moccasins
  An ogre skeleton (Vaults:2)
  A floating eye (Depths:1)
  3 glowing shapeshifter skeletons (Vaults:2)
  A moth of wrath simulacrum (Zot:3)
  2 hell hounds (Spider:3)
  4 ice beasts
  29 orc warriors
  19 ogres
  7 black bears (Lair:2)
  4 sky beasts
  14 wolves
  4 centaurs
  8 human skeletons (Vaults:2)
  3 phantoms
  A spriggan simulacrum (Depths:1)
  10 kobold brigands
  6 bullfrogs
  3 gnoll sergeants
  5 earth elementals
  3 scorpions
  17 wights
  8 small abominations (Depths:1)
  11 killer bees
  6 electric eels
  7 howler monkeys
  A crimson imp (D:3)
  2 centaur zombies (Ossuary)
  2 human zombies (Ossuary)
  7 jellies
  2 hounds
  A gnoll bouda (Orc:2)
  16 orc priests
  2 sleepcaps
  5 iguanas
  42 orc wizards
  6 hell rats
  5 mummies (Ossuary)
  12 gnolls
  17 adders
  2 white imps
  2 ufetubi
  3 worms
  2 dart slugs
  90 orcs
  6 endoplasms
  4 giant cockroaches
  19 hobgoblins
  29 kobolds
  6 quokkas
  9 ball pythons
  3 bats
  2 frilled lizards (D:3)
  20 goblins
  2 goblin zombies (Ossuary)
  A kobold zombie (Ossuary)
  An orc zombie (Ossuary)
  6 rats
  A spectral weapon (Elf:3)
2365 creatures vanquished.

Vanquished Creatures (others)
  A tentacled monstrosity (Zot:2)
  3 merfolk impalers
  A merfolk aquamancer (Shoals:4)
  An orc priest (Elf:3)
  An orc wizard (Orc:1)
  An orc (Orc:2)
  41 spectral weapons
49 creatures vanquished.

Grand Total: 2414 creatures vanquished

Notes
Turn   | Place    | Note
-------+----------+-------------------------------------------
     0 | D:1      | tabstorm the Merfolk Gladiator began the quest for the Orb.
     0 | D:1      | Reached XP level 1. HP: 16/16 MP: 1/1
    84 | D:1      | Reached XP level 2. HP: 19/23 MP: 2/2
   130 | D:1      | Found a faded altar of an unknown god.
   139 | D:1      | Prayed at the altar of an unknown god.
   139 | D:1      | Became a worshipper of Cheibriados the Contemplative
   139 | D:1      | Reached * piety under Cheibriados
   140 | D:1      | lol
   989 | D:2      | Reached skill level 5 in Polearms
   989 | D:2      | Reached XP level 3. HP: 18/28 MP: 3/3
  1184 | D:2      | Reached ** piety under Cheibriados
  1316 | D:2      | Reached skill level 1 in Invocations
  1333 | D:2      | Reached XP level 4. HP: 35/35 MP: 4/4
  1948 | D:3      | Reached *** piety under Cheibriados
  2242 | D:3      | Found a shimmering altar of Xom.
  2242 | D:3      | Found a burning altar of Makhleb.
  2256 | D:3      | Reached skill level 1 in Stealth
  2256 | D:3      | Reached XP level 5. HP: 29/41 MP: 6/6
  2354 | D:3      | Found a snail-covered altar of Cheibriados.
  2908 | D:4      | Reached XP level 6. HP: 48/48 MP: 7/7
  3013 | D:4      | nothing I can do here
  3086 | D:5      | Entered Level 5 of the Dungeon
  3161 | D:5      | Found Xeacoc's Fire Supplies.
  3223 | D:5      | Found Xounobb's Magic Scroll Shop.
  3232 | D:5      | Bought a scroll of teleportation for 30 gold pieces
  3232 | D:5      | Bought a scroll of identify for 20 gold pieces
  3232 | D:5      | Bought a scroll of identify for 20 gold pieces
  3232 | D:5      | Bought a scroll of identify for 20 gold pieces
  3232 | D:5      | Bought a scroll of revelation for 75 gold pieces
  3281 | D:5      | Reached XP level 7. HP: 54/54 MP: 9/9
  3359 | D:5      | Noticed a wyvern
  3539 | D:5      | Reached **** piety under Cheibriados
  3560 | D:5      | Found a basalt altar of Yredelemnul.
  3791 | D:5      | Found Duso's Weapon Boutique.
  4837 | D:6      | Reached skill level 10 in Polearms
  4892 | D:6      | Reached XP level 8. HP: 60/60 MP: 10/10
  5505 | D:6      | Reached skill level 5 in Dodging
  5974 | D:7      | Reached XP level 9. HP: 34/65 MP: 8/11
  5996 | D:7      | Reached ***** piety under Cheibriados
  6080 | D:7      | Found an opulent altar of Gozag.
  6208 | D:5      | Bought a +0 vampiric glaive for 258 gold pieces
  6676 | D:7      | Noticed a deep elf pyromancer
  6911 | D:7      | Found a stormy altar of Qazlal.
  6959 | D:7      | Found a staircase to the Ecumenical Temple.
  7217 | D:8      | Found a sand-covered staircase.
  7224 | Ossuary  | Entered an ossuary
  7418 | Ossuary  | Reached skill level 10 in Dodging
  7533 | D:8      | Reached XP level 10. HP: 72/72 MP: 13/13
  7577 | D:8      | Found a flagged portal.
  7582 | Bailey   | Entered a bailey
  7981 | Bailey   | Noticed an orc high priest
  8041 | Bailey   | Noticed an orc knight
  8049 | Bailey   | Killed an orc knight
  8050 | Bailey   | Reached skill level 5 in Fighting
  8056 | Bailey   | Reached skill level 5 in Invocations
  8178 | Bailey   | Acquired a manual of Invocations
  8255 | Bailey   | Noticed an orc sorcerer
  8367 | Bailey   | Noticed an orc knight
  8381 | Bailey   | Killed an orc knight
  8403 | Bailey   | Killed an orc high priest
  8404 | Bailey   | Reached skill level 15 in Polearms
  8426 | Bailey   | Found an iron altar of Okawaru.
  8435 | Bailey   | Killed an orc sorcerer
  8446 | Bailey   | Identified the +2 helmet "Dihur" {+Blink Will+ Slay+2}
  8536 | D:8      | Reached XP level 11. HP: 83/83 MP: 14/22
  8686 | D:8      | Identified the +1 ring mail of Darkness {rC+ Regen+ Str-2
                  | Dex+4}
  8703 | D:8      | Noticed a two-headed ogre
  8707 | D:8      | Killed a two-headed ogre
  8708 | D:8      | Reached XP level 12. HP: 84/91 MP: 23/23
  8804 | D:8      | Found a glowing silver altar of Zin.
  8806 | D:8      | Found a radiant altar of Vehumet.
  8826 | D:8      | Noticed a centaur warrior
  8832 | D:8      | Killed a centaur warrior
  9318 | D:7      | Noticed Maggie
  9325 | D:7      | Killed Maggie
  9909 | D:9      | Learned a level 2 spell: Lesser Beckoning
  9915 | D:9      | Found a blossoming altar of Fedhas.
 10006 | D:9      | Found a staircase to the Orcish Mines.
 10037 | D:9      | Noticed a two-headed ogre
 10042 | D:9      | Killed a two-headed ogre
 10043 | D:9      | Reached skill level 1 in Armour
 10291 | D:9      | Noticed a two-headed ogre
 10297 | D:9      | Killed a two-headed ogre
 10460 | D:9      | Reached ****** piety under Cheibriados
 10584 | D:10     | Entered Level 10 of the Dungeon
 10641 | D:10     | Found a staircase to the Lair.
 10685 | D:10     | Found a shimmering blue altar of Sif Muna.
 11132 | D:10     | Found Byse's Demolitions Depot.
 11247 | D:10     | Noticed a two-headed ogre
 11255 | D:10     | Killed a two-headed ogre
 11369 | D:10     | Found Enkim's Magic Scroll Shop.
 11377 | D:10     | Bought a scroll of identify for 24 gold pieces
 11377 | D:10     | Bought a scroll of teleportation for 36 gold pieces
 11377 | D:10     | Bought a scroll of enchant armour for 90 gold pieces
 11377 | D:10     | Bought 2 scrolls of identify for 48 gold pieces
 11417 | D:10     | Noticed Amaemon
 11430 | D:10     | Killed Amaemon
 11431 | D:10     | Reached skill level 10 in Fighting
 11435 | D:10     | Reached XP level 13. HP: 78/103 MP: 18/24
 11620 | D:10     | Found a glowing golden altar of the Shining One.
 12377 | D:11     | Gained mutation: You sometimes lose your temper in combat.
                  | [a neqoxec]
 12418 | D:11     | Lost mutation: You sometimes lose your temper in combat.
                  | [potion of mutation]
 12418 | D:11     | Gained mutation: You are vulnerable to cold. (rC-) [potion
                  | of mutation]
 12418 | D:11     | Gained mutation: Your system is resistant to poisons.
                  | (rPois) [potion of mutation]
 12418 | D:11     | Gained mutation: Your skin changes colour to match your
                  | surroundings (Stealth+). [potion of mutation]
 12419 | D:11     | Lost mutation: You are vulnerable to cold. (rC-) [potion of
                  | mutation]
 12419 | D:11     | Lost mutation: Your system is resistant to poisons. (rPois)
                  | [potion of mutation]
 12419 | D:11     | Gained mutation: You passively dampen the noise of your
                  | surroundings. [potion of mutation]
 12419 | D:11     | Gained mutation: You possess an exceptional clarity of
                  | mind. [potion of mutation]
 12420 | D:11     | lol nice
 12420 | D:11     | we love mut roulette
 12513 | Lair:1   | Entered Level 1 of the Lair of Beasts
 12625 | Lair:1   | You fall into a shaft and drop 1 floor!
 12626 | Lair:2   | ok
 12660 | Lair:2   | Found a basalt altar of Yredelemnul.
 12687 | Lair:1   | Reached skill level 1 in Shapeshifting
 12735 | Lair:1   | Reached skill level 5 in Armour
 13032 | Lair:1   | Learned a level 4 spell: Animate Armour
 13275 | Lair:1   | Identified the +6 scimitar "Cemnovu" {drain, rCorr MP+9}
 13281 | Lair:1   | Learned a level 4 spell: Passage of Golubria
 13312 | Lair:2   | Found a staircase to the Shoals.
 13691 | Lair:2   | Identified the +1 spear of the Queen {flame, rPois SInv}
 13827 | Lair:2   | Found a hole to the Spider Nest.
 14598 | Lair:3   | Reached XP level 14. HP: 114/114 MP: 25/25
 14638 | Lair:3   | Reached skill level 5 in Shapeshifting
 15161 | Lair:4   | Found a viscous altar of Jiyva.
 15161 | Lair:4   | Found a staircase to the Slime Pits.
 15444 | Lair:4   | Noticed Snorg
 15452 | Lair:4   | Killed Snorg
 16062 | Lair:5   | Entered Level 5 of the Lair of Beasts
 16124 | Lair:5   | Found a gate leading to a gauntlet.
 16133 | Gauntlet | Entered a Gauntlet
 16133 | Gauntlet | Found a large runed translucent door.
 16133 | Gauntlet | Found a large runed translucent door.
 16133 | Gauntlet | Found a large runed translucent door.
 16133 | Gauntlet | Found a large runed translucent door.
 16133 | Gauntlet | Found a runed translucent door.
 16133 | Gauntlet | Found a large runed translucent door.
 16133 | Gauntlet | Found a large runed translucent door.
 16133 | Gauntlet | Found a transporter.
 16133 | Gauntlet | Found a transporter.
 16133 | Gauntlet | Found a large runed translucent door.
 16133 | Gauntlet | Found a large runed translucent door.
 16133 | Gauntlet | Found a runed translucent gate.
 16133 | Gauntlet | Found a runed translucent gate.
 16133 | Gauntlet | Found a transporter.
 16136 | Gauntlet | Found a runed translucent door.
 16136 | Gauntlet | Found a runed translucent gate.
 16137 | Gauntlet | Found a large runed translucent door.
 16137 | Gauntlet | Found a large runed translucent door.
 16137 | Gauntlet | Found a large runed translucent door.
 16137 | Gauntlet | Found a large runed translucent door.
 16138 | Gauntlet | Found a large runed translucent door.
 16138 | Gauntlet | Found a large runed translucent door.
 16139 | Gauntlet | Found a large runed translucent door.
 16139 | Gauntlet | Found a large runed translucent door.
 16148 | Gauntlet | Found a transporter.
 16151 | Gauntlet | Found a transporter.
 16162 | Gauntlet | Found a transporter.
 16170 | Gauntlet | Found a transporter.
 16175 | Gauntlet | Found a transporter.
 16177 | Gauntlet | Found a transporter.
 16199 | Gauntlet | Found a transporter.
 16205 | Gauntlet | Found a transporter.
 16320 | Gauntlet | Found a transporter.
 16461 | Gauntlet | Identified the +1 pair of boots of Saeb {*Corrode +Blink
                  | rN+++ Stlth+}
 16489 | Gauntlet | Got an antique book
 16489 | Gauntlet | Got a foxed book
 16755 | Lair:5   | Noticed a dire elephant
 16764 | Lair:5   | Killed a dire elephant
 16844 | Lair:5   | Identified the +8 sling of Action {freeze, rElec Will+
                  | Dex-5 Stlth+}
 16922 | Lair:5   | Identified the +11 hand cannon of Disharmony {penet, Dex+2}
 17262 | Lair:5   | Reached XP level 15. HP: 120/120 MP: 20/26
 17689 | Lair:5   | Found a runed translucent door.
 18197 | Orc:1    | Entered Level 1 of the Orcish Mines
 18400 | Orc:1    | Noticed Maurice
 18412 | Orc:1    | Killed Maurice
 18607 | Orc:1    | Identified the +9 halberd of Symmetry {venom, Str+3 Dex+2}
 18608 | Orc:1    | Identified the +7 hand axe of Optimality {drain, rC+}
 18663 | Orc:1    | Identified the +3 hand axe "Zaopleha" {freeze, rC+}
 18903 | Orc:2    | Entered Level 2 of the Orcish Mines
 19064 | Orc:2    | Found Wujonk's Jewellery Shoppe.
 19075 | Orc:2    | Found a staircase to the Elven Halls.
 19211 | Orc:2    | Reached skill level 10 in Shapeshifting
 19252 | Orc:2    | Found Sugadot's Magic Scroll Emporium.
 19253 | Orc:2    | Found Coboj's Jewellery Shop.
 19313 | Orc:2    | Found Caut's General Store.
 19397 | Orc:2    | Found Liweciat's Distillery.
 19414 | Orc:2    | Bought a scroll of blinking for 82 gold pieces
 19499 | Orc:2    | Found Kydod's Mayhem Merchandise.
 19556 | Orc:2    | Bought the amulet "Vacriann" {Reflect Dex+3 SH+5} for 736
                  | gold pieces
 19598 | Orc:2    | Bought a +4 ring of protection for 396 gold pieces
 19631 | Orc:2    | Bought a scroll of enchant armour for 120 gold pieces
 19631 | Orc:2    | Bought 3 scrolls of identify for 96 gold pieces
 19631 | Orc:2    | Bought a scroll of identify for 32 gold pieces
 19631 | Orc:2    | Bought a scroll of teleportation for 48 gold pieces
 19631 | Orc:2    | Bought a scroll of identify for 32 gold pieces
 19631 | Orc:2    | Bought a scroll of fear for 64 gold pieces
 19975 | Orc:1    | Found a transporter.
 19991 | Orc:1    | Found a transporter.
 20052 | Orc:1    | Found a bloodstained altar of Trog.
 20052 | Orc:1    | Noticed deremet's ghost (journeyman GnDe)
 20077 | Orc:1    | Noticed an orc warlord
 21334 | D:13     | Noticed Sonja
 21345 | D:13     | Killed Sonja
 21346 | D:13     | Reached XP level 16. HP: 105/127 MP: 27/27
 21925 | D:14     | Noticed Rupert
 21947 | D:14     | Killed Rupert
 21948 | D:14     | Noticed Urug
 21976 | D:14     | Killed Urug
 22399 | D:14     | Found a gate to the Vaults.
 22502 | D:14     | Noticed Kirke
 22515 | D:14     | Killed Kirke
 22642 | D:15     | Entered Level 15 of the Dungeon
 22644 | D:15     | Found a shadowy altar of Dithmenos.
 22814 | D:15     | Found a staircase to the Depths.
 23567 | Spider:1 | Entered Level 1 of the Spider Nest
 23785 | Spider:1 | Found a transporter.
 23786 | Spider:1 | Noticed Arachne
 23789 | Spider:1 | Noticed kd29's ghost (adept TrSh)
 23811 | Spider:1 | Reached XP level 17. HP: 137/137 MP: 28/28
 23840 | Spider:1 | Found a transporter.
 23873 | Spider:1 | Noticed DocEon's ghost (adept DECj)
 23941 | Spider:1 | Noticed Jorgrun
 23952 | Spider:1 | Killed Jorgrun
 23953 | Spider:1 | Reached skill level 15 in Dodging
 24372 | Spider:2 | Reached skill level 1 in Spellcasting
 25618 | Spider:3 | Noticed Asterion
 25622 | Spider:3 | Gained mutation: You are vulnerable to heat. (rF-) [a
                  | cacodemon]
 25727 | Spider:3 | Noticed an Executioner
 25739 | Spider:2 | Killed Asterion
 25740 | Spider:2 | Reached skill level 10 in Armour
 25742 | Spider:2 | Lost mutation: You are vulnerable to heat. (rF-) [potion of
                  | mutation]
 25742 | Spider:2 | Lost mutation: You possess an exceptional clarity of mind.
                  | [potion of mutation]
 25742 | Spider:2 | Gained mutation: Your spells are a little harder to cast,
                  | but a little more powerful. [potion of mutation]
 26042 | Spider:3 | Found a transporter.
 26058 | Spider:3 | Noticed Mlioglotl
 26081 | Spider:3 | Killed Mlioglotl
 26116 | Spider:3 | Reached skill level 15 in Fighting
 26152 | Spider:3 | Found a transporter.
 26206 | Spider:3 | Reached skill level 5 in Spellcasting
 26275 | Spider:3 | Reached XP level 18. HP: 139/149 MP: 29/29
 26563 | Spider:3 | Noticed Azrael
 26574 | Spider:3 | Killed Azrael
 26752 | Spider:3 | Upgraded the game from 0.31-a0-865-g3d5d91748a to
                  | 0.31-a0-868-g674d60d6f7
 26768 | Spider:4 | Entered Level 4 of the Spider Nest
 27122 | Spider:4 | Reached skill level 1 in Translocations
 27664 | Spider:4 | Got a gossamer rune of Zot
 28171 | Spider:4 | Identified the ring "Sesyeb" {Drain rPois Str+7 Int+4}
 28178 | Spider:4 | decent item
 28363 | Spider:1 | Killed kd29's ghost
 28392 | Spider:1 | Killed DocEon's ghost
 28425 | Spider:1 | Killed Arachne
 28565 | Shoals:1 | Entered Level 1 of the Shoals
 28642 | Shoals:1 | Reached skill level 5 in Translocations
 28650 | Shoals:1 | Reached XP level 19. HP: 159/159 MP: 27/30
 28891 | Shoals:1 | Found a runed translucent gate.
 28891 | Shoals:1 | Found a runed translucent gate.
 28891 | Shoals:1 | Found a runed translucent gate.
 28893 | Shoals:1 | Found an opulent altar of Gozag.
 28904 | Shoals:1 | Noticed Joey1's ghost (journeyman MiBe)
 28925 | Shoals:1 | Killed Joey1's ghost
 29334 | Shoals:2 | Identified the +5 quarterstaff "Zaysar" {heavy, *Slow rPois
                  | rF+++ Will++}
 29375 | Shoals:2 | Learned a level 2 spell: Blink
 29477 | Shoals:2 | Learned a level 1 spell: Apportation
 30352 | Shoals:3 | Noticed Bai Suzhen
 30375 | Shoals:3 | Killed Bai Suzhen
 30480 | Shoals:3 | Noticed Ilsuiw
 30490 | Shoals:3 | Killed Ilsuiw
 30499 | Shoals:3 | Noticed Roxanne
 30510 | Shoals:3 | Killed Roxanne
 30996 | Shoals:4 | Entered Level 4 of the Shoals
 30996 | Shoals:4 | Noticed Louise
 31005 | Shoals:4 | Killed Louise
 31167 | Shoals:4 | Got a barnacled rune of Zot
 31328 | Shoals:4 | Found a basalt altar of Yredelemnul.
 31861 | Elf:1    | Entered Level 1 of the Elven Halls
 31863 | Elf:1    | Paralysed by an air elemental for 1 turns
 31951 | Elf:1    | Found Com Bes's Book Boutique.
 31964 | Elf:1    | Reached XP level 20. HP: 168/168 MP: 25/33
 32033 | Elf:1    | Got an innocuous book
 32112 | Elf:1    | wtf where is !ew
 32476 | Elf:1    | Paralysed by an air elemental for 1 turns
 32985 | Elf:1    | Noticed Agnes
 32995 | Elf:1    | Killed Agnes
 33068 | Elf:2    | Found Yfetom's Antique Weapon Shop.
 33350 | Elf:2    | Found Paablaeng's Assorted Antiques.
 33374 | Elf:2    | Found Domu's Assorted Antiques.
 33378 | Elf:2    | Bought a scroll of teleportation for 102 gold pieces
 33401 | Elf:2    | Found Robbonil's Antique Weapon Shop.
 33456 | Elf:2    | Found a runed translucent door.
 33456 | Elf:2    | Found a shimmering altar of Xom.
 33456 | Elf:2    | Noticed Hulashix's ghost (journeyman MiBe)
 33661 | Elf:2    | Found a runed translucent gate.
 33661 | Elf:2    | Found a runed translucent gate.
 33661 | Elf:2    | Found a runed translucent gate.
 34048 | Elf:2    | Killed Hulashix's ghost
 34051 | Elf:2    | Identified the ring of the Oni {rC+ Str+2}
 34069 | Elf:3    | Entered Level 3 of the Elven Halls
 34069 | Elf:3    | Noticed Nikola
 34092 | Elf:3    | Killed Nikola
 35440 | Elf:3    | Reached XP level 21. HP: 95/175 MP: 29/34
 35857 | Elf:3    | Identified the +9 plate armour of Xysehel {rPois}
 35866 | Elf:3    | we take that
 35897 | Elf:3    | Reached skill level 15 in Armour
 36202 | Elf:3    | Identified the ring "Erghefit" {Wiz Str+6 Dex-2}
 36691 | Elf:3    | Identified the ring "Bohu" {Drain Fly Int+5 Dex+5}
 36855 | Elf:3    | Identified the +8 lajatang "Javubreh" {venom, Str+4 Stlth-}
 37006 | Elf:3    | Identified the scarf of Sorcery {repulsion, rC+ Str+2 SInv}
 37592 | Vaults:1 | Entered Level 1 of the Vaults
 39510 | Vaults:2 | Found Ysihe's Jewellery Emporium.
 39515 | Vaults:2 | Noticed Boris
 39523 | Vaults:2 | Killed Boris
 39854 | Vaults:2 | Reached XP level 22. HP: 186/186 MP: 35/35
 40828 | Vaults:2 | Found a staircase to the Crypt.
 41634 | Vaults:3 | Found a portal to a secret trove of treasure.
 41684 | Vaults:3 | Noticed Sojobo
 41714 | Vaults:3 | Killed Sojobo
 42443 | Vaults:4 | Noticed Saint Roka
 42471 | Vaults:4 | Killed Saint Roka
 42611 | Vaults:4 | Got a loosely-bound book
 43133 | Vaults:4 | Reached XP level 23. HP: 196/196 MP: 36/36
 43569 | Vaults:4 | Noticed a golden dragon
 43592 | Vaults:4 | please mr. gold dragon
 43608 | Vaults:4 | Killed a golden dragon
 43609 | Vaults:4 | nope
 43956 | Vaults:4 | Noticed Boris
 43982 | Vaults:4 | Killed Boris
 44639 | Slime:1  | Entered Level 1 of the Pits of Slime
 44791 | Slime:5  | Entered Level 5 of the Pits of Slime
 45011 | Slime:5  | Noticed the Royal Jelly
 45015 | Slime:5  | Found a viscous altar of Jiyva.
 45044 | Slime:5  | Killed the Royal Jelly
 45323 | Slime:5  | Got a tattered book
 45325 | Slime:5  | Identified the +5 war axe of the Sage {pain, rPois rN+
                  | Str+3}
 45340 | Slime:5  | Got a slimy rune of Zot
 45673 | Depths:1 | Entered Level 1 of the Depths
 45674 | Depths:1 | Upgraded the game from 0.31-a0-868-g674d60d6f7 to
                  | 0.31-a0-879-g1609e0ac53
 45675 | Depths:1 | Found a one-way gateway to a ziggurat.
 46013 | Depths:1 | Found an ornate altar of the Wu Jian Council.
 46022 | Depths:1 | Paralysed by a floating eye for 4 turns
 46186 | Depths:1 | Found a stormy altar of Qazlal.
 46217 | Depths:1 | You are sucked into a shaft and drop 1 floor!
 46218 | Depths:2 | ok
 46470 | Depths:1 | Found a one-way gate to the infinite horrors of the Abyss.
 46555 | Depths:1 | Identified the +7 broad axe "Hicoziki" {freeze, rF+}
 47090 | Depths:1 | Reached XP level 24. HP: 203/212 MP: 36/36
 47270 | Depths:1 | Found a gateway to Hell.
 47565 | Depths:2 | Found a one-way gate leading to the halls of Pandemonium.
 49036 | Depths:2 | Noticed a dread lich
 49042 | Depths:2 | Killed a dread lich
 49068 | Depths:2 | Got a foxed book
 49079 | Depths:2 | Got an antique book
 49310 | Depths:3 | Found a transporter.
 49350 | Depths:3 | Found Syvumm's Jewellery Shoppe.
 49943 | Depths:3 | Acquired the ring "Nuics" {rC+ rCorr MP+9}
 50454 | Depths:3 | Found a sacrificial altar of Ru.
 50537 | Depths:3 | Found a transporter.
 50760 | Depths:3 | Found a runed translucent door.
 50766 | Depths:3 | Found a runed translucent door.
 50766 | Depths:3 | Noticed a caustic shrike
 50767 | Depths:3 | Noticed Frederick
 50907 | Depths:3 | Killed a caustic shrike
 50919 | Depths:3 | Killed Frederick
 51499 | Depths:4 | Entered Level 4 of the Depths
 52521 | Depths:4 | Reached XP level 25. HP: 195/223 MP: 36/36
 52732 | Depths:4 | Found a gate to the Realm of Zot.
 53517 | Vaults:5 | Entered Level 5 of the Vaults
 54176 | Vaults:5 | spooky V5
 54782 | Vaults:5 | Noticed a dread lich
 54790 | Vaults:5 | Killed a dread lich
 54795 | Vaults:5 | Found Sioxaes's Antique Armour Emporium.
 54880 | Vaults:5 | Noticed a dread lich
 54884 | Vaults:5 | Killed a dread lich
 54885 | Vaults:5 | Reached skill level 1 in Evocations
 54924 | Vaults:5 | Identified the +4 arbalest of the Shimmering Sybil {freeze,
                  | *Corrode rPois Dex+5 SInv}
 55021 | Vaults:5 | Identified the amulet of Aqocutah {RegenMP Dex+2}
 55457 | Vaults:5 | Reached skill level 5 in Evocations
 55516 | Vaults:5 | Got a silver rune of Zot
 55728 | Vaults:5 | Noticed an ancient lich
 55738 | Vaults:5 | Killed an ancient lich
 55739 | Vaults:5 | Reached XP level 26. HP: 190/236 MP: 36/36
 55886 | Vaults:5 | Identified the +1 hand axe of Uncertain Death {heavy, rPois
                  | rF+++ rCorr Int-4}
 56450 | Vaults:5 | Identified the +7 broad axe of the Establishment {freeze,
                  | *Noise rElec Dex+6}
 56907 | Elf:2    | Bought the +3 crown of Dyrovepreva {rElec Int+2 SInv} for
                  | 1656 gold pieces
 56907 | Elf:2    | Found the +3 crown of Dyrovepreva {rElec Int+2 SInv}
 57339 | Zot:1    | Entered Level 1 of the Realm of Zot
 58701 | Zot:2    | Reached skill level 10 in Evocations
 59302 | Zot:3    | Found a runed translucent gate.
 59302 | Zot:3    | Found a runed translucent gate.
 59303 | Zot:3    | Found a runed translucent gate.
 59305 | Zot:3    | Noticed Giurur's ghost (veteran OgBe)
 59400 | Zot:3    | Identified the ring of Xoze {Ice rPois Int+3}
 59400 | Zot:3    | Noticed Josephina
 59854 | Zot:3    | Killed Josephina
 60454 | Zot:3    | Identified the ring "Biyf" {Contam rN++ rCorr AC+4 SInv}
 60506 | Zot:3    | Killed Giurur's ghost
 60549 | Zot:3    | Reached XP level 27. HP: 139/244 MP: 36/36
 60778 | Zot:3    | Identified the +3 hat of Macaroni {Str+2 Int+3}
 60785 | Zot:3    | Identified the staff of the Badger {rElec rF+ rCorr Stlth+
                  | Fire}
 60913 | Zot:4    | Reached skill level 27 in Polearms
 61407 | Zot:4    | Noticed Joey1's ghost (legendary MiBe)
 61413 | Zot:4    | Found a transporter.
 61814 | Zot:4    | Found a transporter.
 62236 | Zot:5    | Entered Level 5 of the Realm of Zot
 62539 | Zot:5    | Reached skill level 27 in Fighting
 62828 | Zot:5    | Noticed an orb of fire
 62829 | Zot:5    | Noticed an orb of fire
 62832 | Zot:5    | Noticed an orb of fire
 62841 | Zot:5    | Noticed an orb of fire
 62842 | Zot:5    | Killed an orb of fire
 62844 | Zot:5    | Lost mutation: Your spells are a little harder to cast, but
                  | a little more powerful. [mutagenic glow]
 62846 | Zot:5    | ok
 62850 | Zot:5    | Gained mutation: You sometimes lose your temper in combat.
                  | [mutagenic glow]
 63348 | Zot:5    | Gained mutation: You occasionally lose the ability to read
                  | scrolls when taking damage. [an orb of fire]
 63353 | Zot:5    | Killed an orb of fire
 63360 | Zot:5    | Killed an orb of fire
 63518 | Zot:5    | Noticed an orb of fire
 63518 | Zot:5    | Gained mutation: You are strong-willed. (Will+) [an orb of
                  | fire]
 63518 | Zot:5    | Gained mutation: You are frail. (-10% HP) [an orb of fire]
 63522 | Zot:5    | Gained mutation: Your magical capacity is low. (-10% MP)
                  | [an orb of fire]
 63530 | Zot:5    | Killed an orb of fire
 63538 | Zot:5    | Noticed a dread lich
 63549 | Zot:5    | Killed a dread lich
 63552 | Zot:5    | Lost mutation: You are strong-willed. (Will+) [potion of
                  | mutation]
 63552 | Zot:5    | Lost mutation: Your magical capacity is low. (-10% MP)
                  | [potion of mutation]
 63552 | Zot:5    | Gained mutation: You are strong-willed. (Will+) [potion of
                  | mutation]
 63552 | Zot:5    | Gained mutation: You are partially covered in iridescent
                  | scales. (AC +2) [potion of mutation]
 63552 | Zot:5    | Gained mutation: Your muscles are strong. (Str +4, Int/Dex
                  | -1) [potion of mutation]
 63553 | Zot:5    | Lost mutation: You occasionally lose the ability to read
                  | scrolls when taking damage. [potion of mutation]
 63553 | Zot:5    | Lost mutation: You are strong-willed. (Will+) [potion of
                  | mutation]
 63553 | Zot:5    | Lost mutation: Your skin changes colour to match your
                  | surroundings (Stealth+). [potion of mutation]
 63553 | Zot:5    | Gained mutation: You are mostly covered in iridescent
                  | scales. (AC +4) [potion of mutation]
 63858 | Zot:5    | Got the Orb of Zot
 64476 | D:$      | Escaped with the Orb!

Illustrated notes #####+##.### #+# ...........# #.# #........# #.# #........# #.##### +###.###''#####...... #..###..#............ #...8...#.#########.. ##.....##.## #.. #..@.8#...# #.. #.....###.# #.. #.......##+#### #.. #..###..#.....# #.. +## ###+.....#####.. #.........).... ..##........#####. ............#...#. ..####+####.#.# #. Turn 140 on D:1: lol

........ ... ... ........
.o.o.......#.#..# # ..#...##
............ ...## .# .......
..O....#.#.# #...####.## ..#...
....#..#.#.###.......... ..#..
.....o................... ... ...
........................ ..# ...
........................ ..# #.#
.......@.........##...## ..# #.#
#.#.#..#.##............. ..# #.#
#.#<#.......##.......... ..# #.#
#.#.#.......##..###.#...
..###.####.#.#.......##..# #.#...
.....)..........#'##.##..# #.....
.####...........#.##.##..# #.#...
[###..####.###....##.##..###.#...
.......###.###..#.##.............


Turn 3013 on D:4: nothing I can do here ### ..# ########.# # ......##.# #.
#####.##.# .## #####.##.#### ..# ............# #.######.. #.###..#.##.#
#....^.... #.# #..#.##.# #.@# #.###..#.##.###))# ...##..#.##.....)#####..
#.#..#.......#..).)..... #.#.###...)..#..######.# ...## ##..^..#....#
#.#.###...#######.# #.#..#.##....#....# ...##.#####..#.#######[ Turn 12420 on
D:11: lol nice ####.) ###.P.... #........ #........ ......... ###........
.#.##.......... .......@....... ...######...... ..... .#.. ... ## Turn 12626 on
Lair:2: ok #...^.##...##### #^ ##...<##.#~~~~~## ### #^ ##..###.~~≈~≈~~# #.## #.
##..# #^~~###≈†## ##^.## #~ #..####~~##~##~~## #....# ##~ #...##~~~#~~~#~~~#
#....# #^. ##.^^.~≈##~~~##≈~# #....# #^. #####..~~#~~(~~#~~###....# #..
#^#.###~≈##~=@##≈~#......# #.. #..#.#.~~~#~~~#~~~#......# #..
##.##†.#~~##~##~~........# #^. #.###....~≈~~P≈~#..#.....# #^.
#.###...#~~~~~~~........^# ##^ ##.##...##~~~~~........^.# ##
#^###.#####^.............# #. ##.##..###.^.....<.......# #.
#.#####^.#...............## #. Turn 28178 on Spider:4: decent item ##.......##
#.........# #.........######## #.........'....... +.........######## #.........#
##.......'######## ### ##'.....##'#.....## ##.###.#####+###@......# #...#'##
#......... .....## #......... ......## #......... .......# #......... ......##
#....e.... .....## ##.......+ #...## ##.....## '#.## Turn 32112 on Elf:1: wtf
where is !ew ***,,,...§,,*** ## ***,...,*** #.# *##e##* #.# ##...## #.# #.....#
#.# #.....##.# #########e###.# #.........)#.# ##.########@## #)# ##)## #.# ##.##
#.# ##.# #.# ##.# #.# #.# #.# ## ##.# # #..# ## Turn 35866 on Elf:3: we take
that #.. #.. #.. #.. #.. ######################.. .......................)
......................). .......@...............) ######D###############.) #pQ
#.) ...D #.. ..... #.. .....## #.. ....# #.. .... #.. #.. Turn 43592 on
Vaults:4: please mr. gold dragon #.......#...+ #########...# #...# #...# #...#
#...# #...# ######################..)# .......JQ@.............)).
........Dp............)... .......c...............).. ######)###############.))#
#.. #.).# .... #...# ....J #...# .....## #...# ....# #...# Turn 43609 on
Vaults:4: nope ###### #....## #....## #..@..# ##....# ##..## +..# #### Turn
46218 on Depths:2: ok #....# .# #....# #.# #....# # #.# #....# .#. #.##....#....
#........... ########.....(..### ..........(<<...... .......@..<†.<.....
...........<<...... ................... ########........### ..........#
...#....#...# ##..#....##.#. #..#....# ## Turn 54176 on Vaults:5: spooky V5
*,..........*..,^,,,,, *,............,,,,,,,, **......§...$,,,,^^,,,
*▓.....§....,,,^,,,,, *▓.^..§§..,,,,,,,*** ▓▓^...§##▓▓▓▓▓▓▓▓▓▓
##.....§*§§§^....... ##....^.§**.§^....##. *#...@..§§§§§§.§[...##
#.......§.§§§§§......# #.....?..$..§§§.§^...# #....................#
#....................# #..^.................# #....................#
##..................## ##......(.........## Turn 62846 on Zot:5: ok

Levels and vault maps discovered:
D:1:      dpeg_arrival_shelter, layout_basic,
          hellmonk_ecumenical_altar_slurped_away, minmay_liquid_box
D:2:      layout_basic, corexii_leaking_fountain
D:3:      layout_loops_ring, grunt_temple_overflow_champion_of_chaos,
          mainiacjoe_overflow_chevrons, minmay_misc_feat_nine_boxes
D:4:      layout_basic, minmay_diced_spiral
D:5:      layout_layer_cave, mainiacjoe_overflow_tiny_flanked, serial_shops,
          shop, nicolae_shop_tiny_statue_garden, grunt_ministairs_11,
          nicolae_shop_fire_sale [nicolae_sub_dead_trees]
D:6:      layout_basic, minmay_alternating_orb
D:7:      nzn_winding_woodlands_cross [nzn_winding_woodlands_5x15_lazy_stream,
          nzn_winding_woodlands_5x15_concentric,
          nzn_winding_woodlands_5x15_garden, nzn_winding_woodlands_5x15_crooked,
          nzn_winding_woodlands_15x15_killbox], layout_loops_corners,
          nicolae_qazlal_beasts_of_the_sky, grunt_gozag_statues,
          minmay_temple_entry_antechambers, uniq_maggie
D:8:      layout_gridville, kennysheep_mini, nicolae_overflow_hidden_temple,
          enter_bailey_3, lightli_ossuary_entry_decrepit_ruins,
          lightli_orcish_oven
D:9:      layout_small_grid, mainiacjoe_overflow_catwalk, david_orc_1_choice
D:10:     layout_stronghold, marbit_many_paths, mainiacjoe_overflow_24_doors,
          minmay_lair_entry_grove, serial_shops, shop, nicolae_blasting_shop,
          uniq_amaemon
D:11:     layout_loops_ring
D:12:     layout_gridville
D:13:     layout_cave_pools, uniq_sonja
D:14:     layout_cross, david_vaults_3, nicolae_hexahallways,
          serial_bayou_ford_a, uniq_kirke
D:15:     hangedman_depths_entry_civil_slaughter, layout_gridville,
          nicolae_dithmenos_through_a_glass_darkly
Lair:1:   minmay_lair_venomous_thicket, layout_misc_corridors, serial_rivers,
          chequers_serial_rivers_marsh, chequers_serial_rivers_marsh,
          chequers_serial_rivers_marsh, chequers_serial_rivers_micro_e,
          chequers_serial_rivers_large_b
Lair:2:   layout_cave_pods, minmay_shoals_entry_beasts, dummy_spider_entry,
          basic_altar, chequers_serial_rivers_room_a, beast_lair_carwin_1,
          infiniplex_staircase_pool
Lair:3:   layout_concentric_octagons, grunt_megastairs_4
Lair:4:   layout_layer_cave, slime_entry_1, uniq_urug, uniq_snorg
Lair:5:   wormcave, layout_small_grid, hangedman_lair_in_review,
          gauntlet_entry_generic
Shoals:1: layout_shoals, ebering_ghost_gozag
Shoals:2: layout_shoals, nicolae_shoals_nymph_descending_staircase
Shoals:3: layout_shoals, uniq_ilsuiw, uniq_roxanne, uniq_bai_suzhen
Shoals:4: shoals_end_simple, layout_shoals, shoals_ilsuiw_ice,
          lemuel_altar_in_water, nicolae_shoals_circle_sea_wall, uniq_louise
Spider:1: layout_spider_delve, nzn_ghost_randoct, uniq_jorgrun
Spider:2: layout_cave_pods, nicolae_spider_nook
Spider:3: gammafunk_sealed_arena, hangedman_spider_tarantella_strand,
          uniq_asterion, uniq_azrael, uniq_arachne, uniq_mlioglotl
Spider:4: grunt_spider_rune_parallel, worms_lemuel
Slime:1:  layout_caves, nicolae_slime_barrier
Slime:2:  layout_caves
Slime:3:  layout_caves, uniq_dissolution
Slime:4:  layout_caves
Slime:5:  slime_pit
Orc:1:    giant_chief_lemuel, layout_diamond_mine,
          gammafunk_ghost_wrathful_warriors, uniq_maurice
Orc:2:    st_orc_town, layout_diamond_mine, serial_shops, shop,
          minmay_shop_mayhem
Elf:1:    layout_geoelf_diagonals, special_room [special_room_mythical_zoo],
          serial_shops, nicolae_shop_tiny_waterfront, minmay_elf_demonology,
          uniq_agnes
Elf:2:    elven_hall_of_blades_hangedman_original [nicolae_blade_bullseye],
          layout_gridlike, serial_shops, nicolae_stop_n_shop_1, shop_statue,
          nicolae_shop_behind_doors, nicolae_shop_back_alley_shop,
          ebering_ghost_xom
Elf:3:    minmay_elf_hall_golems, layout_gridlike, nrook_loot_triangle,
          uniq_nikola
Vaults:1: hangedman_vaults_snaps, hangedman_vaults_capsules,
          nicolae_vaults_alarming, hangedman_vaults_stretched_pinwheel,
          v_pattern_5, nicolae_vaults_what_the_h, nicolae_vaults_tetromino_T_1,
          nicolae_vaults_mini_display_case, layout_vaults_quadrants
Vaults:2: nicolae_vaults_steering_wheel, minmay_crypt_entry_skeletal_spiral,
          nicolae_vaults_trapezoid_3, serial_ice_m, v_misc_1,
          ontoclasm_vaults_chip, vaults_dpeg_encased_lava,
          nicolae_vaults_little_ls, vaults_room_door_ring,
          nicolae_vaults_storage_room_statues, layout_vaults_big_room,
          serial_shops, nicolae_shop_window_shopping, uniq_boris
Vaults:3: nicolae_vaults_network_periphery, v_misc_18,
          nicolae_vaults_trapezoid_3, hangedman_vaults_slice,
          dpeg_vaults_monster_row, nicolae_vaults_double_plus_1,
          nicolae_vaults_angled_halls, v_pattern_4, grunt_vaults_swirl,
          v_misc_24, nicolae_vaults_offset_grid_hallway_3,
          ontoclasm_vaults_pinch, nicolae_vaults_specimen_jars,
          nicolae_vaults_house_2, layout_vaults_ring,
          nicolae_trove_entry_diagonal, uniq_sojobo
Vaults:4: nicolae_vaults_hallways_thing, nicolae_vaults_trapezoid_lopsided_2,
          v_misc_5, st_star, ontoclasm_vaults_gateway,
          nicolae_vaults_little_squares_1, vaults_standard_mumra_x,
          vaults_mumra_chevron, v_misc_16, nicolae_vaults_asterisk,
          nicolae_vaults_closet_pinwheel_2, nicolae_vaults_tetromino_L_1,
          nicolae_vaults_sightless_eye, layout_vaults_big_cross, uniq_saint_roka
Vaults:5: uniq_margery
Depths:1: minmay_coctagon, layout_cave_shapes, enter_ziggurat_c,
          minmay_room_of_horrors, pf_coc_iceberg,
          pdpol_wu_jian_five_deadly_venoms, grunt_qazlal_sundering
Depths:2: cheibrodos_cascadia, layout_honeycomb, pan_entry, hell_entry,
          grunt_decor_clamped, infiniplex_staircase_diamond
Depths:3: thingy_vault_2, layout_honeycomb, hell_entry, serial_shops,
          nicolae_shop_drivethru, kennysheep_cluttered_room, abyss_entry,
          nicolae_ru_sacrificial_ziggurat, minmay_staircase_windowed_large,
          uniq_frederick
Depths:4: grunt_zot_entry_bicorn, layout_basic, minmay_misc_feat_iff,
          hell_entry, abyss_entry_small_statue_room, grunt_megastairs_5
Zot:1:    layout_gridville
Zot:2:    layout_onion_interference
Zot:3:    layout_onion_interference, gammafunk_ghost_tricky_traps,
          uniq_josephina
Zot:4:    kennysheep_bubbly, layout_misc_corridors, gammafunk_ghost_arena
Zot:5:    layout_basic, st_stairs_12, grunt_ministairs_14

Skill      XL: |  1  2  3  4  5  6  7  8  9 10 11 12 13 14 15 16 17 18 19 20 21 22 23 24 25 26 27 |
---------------+----------------------------------------------------------------------------------+-----
Polearms       | 5 6 7 10 12 13 15 17 18 22 23 26 27 | 27.0
Fighting       | 3 4 6 7 10 11 12 13 15 16 17 18 20 22 23 25 27 | 27.0
Invocations    | 1 2 3 4 14 | 14.7
Stealth        | 1 |  1.7
Dodging        | 7 10 11 14 15 19 22 23 24 | 24.2
Armour         | 3 5 6 8 10 11 14 15 16 17 18 19 | 19.7
Shapeshifting  | 4 5 11 | 11.1
Spellcasting   | 5 6 9 |  9.2
Translocations | 5 7 |  7.6
Evocations     | 6 10 | 10.5
Throwing       | |  2.0

Action                     |  1- 3 |  4- 6 |  7- 9 | 10-12 | 13-15 | 16-18 | 19-21 | 22-24 | 25-27 || total
---------------------------+-------+-------+-------+-------+-------+-------+-------+-------+-------++-------
  Melee: Trident           |    99 |   176 |   173 |       |    31 |    14 |    37 |       |       ||   530
         Punch             |     1 |     2 |     2 |       |     1 |       |     2 |       |       ||     8
         Glaive            |       |       |   157 |   395 |  1109 |  1729 |  1831 |  1785 |   813 ||  7819
         Tailslap          |       |       |       |     1 |       |       |       |       |       ||     1
         Bardiche          |       |       |       |       |       |       |       |       |   425 ||   425
  Throw: Stone             |       |    10 |     3 |     1 |       |       |       |       |       ||    14
         Throwing net      |       |     1 |     5 |       |       |     2 |     2 |     2 |       ||    12
   Cast: Lesser Beckoning  |       |       |       |       |       |     3 |    20 |    13 |    16 ||    52
         Passage of Golubr |       |       |       |       |       |       |     2 |     4 |    11 ||    17
         Apportation       |       |       |       |       |       |       |     2 |       |     3 ||     5
         Blink             |       |       |       |       |       |       |     1 |       |     1 ||     2
 Invoke: Bend Time         |       |       |     4 |     5 |    14 |    24 |    30 |    17 |    20 ||   114
         Temporal Distorti |       |       |     1 |     3 |     2 |     3 |     5 |     3 |     4 ||    21
         Slouch            |       |       |       |       |     8 |     7 |     2 |     3 |       ||    20
Ability: Evoke Blink       |       |       |       |       |       |       |     1 |     1 |       ||     2
  Evoke: Wand              |       |     3 |    14 |     6 |     8 |       |     7 |     2 |    11 ||    51
    Use: Scroll            |       |    11 |     7 |     9 |     4 |     3 |     8 |    10 |    17 ||    69
         Potion            |       |     1 |     2 |     1 |     2 |     1 |     6 |     6 |     8 ||    27
   Stab: Sleeping          |     2 |     1 |     6 |       |       |       |       |       |       ||     9
         Distracted        |       |       |     2 |       |       |     1 |     1 |    11 |    32 ||    47
         Held in net/web   |       |       |     1 |       |       |     7 |     8 |     2 |       ||    18
         Paralysed         |       |       |       |     7 |     2 |       |       |       |       ||     9
         Petrified         |       |       |       |       |     3 |       |       |       |       ||     3
         Invisible         |       |       |       |       |       |       |    24 |       |       ||    24
 Armour: Leather armour    |     8 |       |       |       |       |       |       |       |       ||     8
         Scale mail        |    31 |    64 |   130 |     3 |       |       |       |       |       ||   228
         Plate armour      |       |       |       |   199 |   439 |  1135 |   923 |   734 |   265 ||  3695
         Skin              |       |       |       |       |       |       |     2 |       |       ||     2
         Gold dragon scale |       |       |       |       |       |       |       |       |   386 ||   386
  Dodge: Dodged            |    35 |    77 |   178 |   268 |   673 |  2196 |  1646 |  1627 |  1268 ||  7968
  Block: Other             |       |       |       |       |    15 |    36 |       |       |       ||    51
         Reflection        |       |       |       |       |     1 |     1 |       |       |       ||     2
         Form:             |       |       |       |       |       |       |     1 |       |       ||     1
         Statue            |       |       |       |       |       |       |     1 |       |       ||     1

Table legend: (Time is in decaauts)
 A = Elapsed time spent in this place.
 B = Non-inter-level travel time spent in this place.
 C = Inter-level travel time spent in this place.
 D = Time resting spent in this place.
 E = Time spent auto-exploring this place.
 F = Levels seen in this place.
 G = Mean time per level.
                   A        B        C        D        E       F      G
               +--------+--------+--------+--------+--------+-----+--------+
         Total |  96995 |  87396 |   9599 |  10371 |  55769 |  55 | 1763.5 |
       Dungeon |  25045 |  21284 |   3761 |    682 |  16800 |  15 | 1669.7 |
          Lair |   9048 |   8034 |   1014 |    199 |   6706 |   5 | 1809.6 |
        Shoals |   4681 |   4436 |    245 |     69 |   2223 |   4 | 1170.2 |
   Spider Nest |   6994 |   6788 |    206 |    464 |   3746 |   4 | 1748.5 |
    Slime Pits |   1072 |    933 |    139 |    118 |      0 |   5 |  214.4 |
  Orcish Mines |   4419 |   3589 |    830 |      8 |   2611 |   2 | 2209.5 |
   Elven Halls |   7905 |   6888 |   1017 |   1799 |   3154 |   3 | 2635.0 |
        Vaults |  14394 |  13373 |   1021 |   2196 |   8199 |   5 | 2878.8 |
        Depths |  11850 |  10774 |   1076 |   1633 |   7714 |   4 | 2962.5 |
           Zot |   9102 |   8816 |    286 |   2714 |   4235 |   5 | 1820.4 |
       Ossuary |    395 |    395 |      0 |     30 |    222 |   1 |  395.0 |
        Bailey |   1211 |   1211 |      0 |    455 |      0 |   1 | 1211.0 |
      Gauntlet |    873 |    873 |      0 |      0 |    155 |   1 |  873.0 |
               +--------+--------+--------+--------+--------+-----+--------+

Top non-repeatable levels by time:
   Elf:3: 3992 daAuts
Depths:3: 3736 daAuts
Vaults:4: 3660 daAuts
Vaults:5: 3357 daAuts
Depths:2: 3082 daAuts
   Zot:3: 2961 daAuts
Vaults:1: 2773 daAuts
Depths:4: 2711 daAuts
     D:7: 2645 daAuts
     D:5: 2444 daAuts
Vaults:3: 2402 daAuts
Depths:1: 2319 daAuts
  Lair:5: 2317 daAuts
    D:10: 2300 daAuts
   Orc:2: 2218 daAuts
